MLB
MIAMI MARLINS @ MILWAUKEE BREWERS
07/10/2044
 
TOP OF THE 1ST
Miami Marlins batting - Pitching for Milwaukee Brewers : RHP Cody Autry
Pitching: RHP Cody Autry
Batting: RHB Jeff Garofalo 0-0: Ball
1-0: Called Strike
1-1: Ball
2-1: Swinging Strike
2-2: Ball
3-2: Strikes out swinging
Batting: RHB Micah Christopher 0-0: Called Strike
0-1: Foul Ball, location: 2F
0-2: Ball
1-2: Strikes out swinging
Batting: LHB Andre Gorter 0-0: Ball
1-0: Ball
2-0: Called Strike
2-1: Foul Ball, location: 2F
2-2: Strikes out looking
Top of the 1st over - 0 runs, 0 hits, 0 errors, 0 left on base; Miami 0 - Milwaukee 0
BOTTOM OF THE 1ST
Milwaukee Brewers batting - Pitching for Miami Marlins : RHP Travis Small
Pitching: RHP Travis Small
Batting: RHB Jason Gee 0-0: Ground out 6-3 (Groundball, 6, EV 81.9 MPH)
Batting: RHB Adrian Rudkilde 0-0: Foul Ball, location: 2F
0-1: Foul Ball, location: 2F
0-2: Ball
1-2: Strikes out swinging
Batting: SHB Jason Woods 0-0: Called Strike
0-1: SINGLE (Groundball, 34D, EV 98.8 MPH)
Batting: RHB Adriaan Pieters 0-0: Ball
1-0: Ball
2-0: Ball
3-0: Base on Balls
Jason Woods to second
Batting: RHB Bobby Muniz 0-0: Called Strike
0-1: Called Strike
0-2: Ball
1-2: Fly out, F8 (Flyball, 8RXD, EV 91.3 MPH)
Bottom of the 1st over - 0 runs, 1 hit, 0 errors, 2 left on base; Miami 0 - Milwaukee 0
TOP OF THE 2ND
Miami Marlins batting - Pitching for Milwaukee Brewers : RHP Cody Autry
Batting: RHB Jimmy Groseclose 0-0: Called Strike
0-1: Called Strike
0-2: Strikes out swinging
Batting: RHB Steve Barnard 0-0: Called Strike
0-1: Ball
1-1: Swinging Strike
1-2: Strikes out swinging
Batting: RHB Mark Barger 0-0: Ball
1-0: Ball
2-0: Called Strike
2-1: Foul Ball, location: 2F
2-2: Ball
3-2: Strikes out swinging, 2-3 out at first.
Top of the 2nd over - 0 runs, 0 hits, 0 errors, 0 left on base; Miami 0 - Milwaukee 0
BOTTOM OF THE 2ND
Milwaukee Brewers batting - Pitching for Miami Marlins : RHP Travis Small
Pitching: LHP Patrick Meesters
Batting: RHB Yuichi Matsuoka 0-0: Called Strike
0-1: Foul Ball, location: 2F
0-2: Ball
1-2: Ball
2-2: Ball
3-2: SINGLE (Line Drive, 5D, EV 95.6 MPH)
Batting: RHB Daniel Donovan 0-0: Ball
1-0: Called Strike
1-1: Grounds into double play, 4-6-3 (Groundball, 4, EV 78.1 MPH)
Batting: RHB Kisho Ito 0-0: Ball
1-0: Called Strike
1-1: Ball
2-1: Ball
3-1: Foul Ball, location: 2F
3-2: Base on Balls
Batting: LHB Jeff Taylor 0-0: Ground out U3 (Groundball, 3, EV 80.6 MPH)
Bottom of the 2nd over - 0 runs, 1 hit, 0 errors, 1 left on base; Miami 0 - Milwaukee 0
TOP OF THE 3RD
Miami Marlins batting - Pitching for Milwaukee Brewers : RHP Cody Autry
Batting: RHB Roger Salazar 0-0: Foul Ball, location: 2F
0-1: Swinging Strike
0-2: Ball
1-2: Ball
2-2: Foul Ball, location: 2F
2-2: Ball
3-2: Strikes out swinging
Batting: RHB Seth Tramontano 0-0: Swinging Strike
0-1: Ball
1-1: SOLO HOME RUN (Line Drive, 7D, EV 104.4 MPH), Distance : 385 ft
Batting: RHB Josh Crenwelge 0-0: Ball
1-0: Called Strike
1-1: Ball
2-1: Fly out, F7 (Flyball, 7LD, EV 108.1 MPH)
Batting: RHB Jeff Garofalo 0-0: Foul Ball, location: 2F
0-1: Ball
1-1: Fly out, F6 (Line Drive, 6, EV 70.6 MPH)
Top of the 3rd over - 1 run, 1 hit, 0 errors, 0 left on base; Miami 1 - Milwaukee 0
BOTTOM OF THE 3RD
Milwaukee Brewers batting - Pitching for Miami Marlins : LHP Patrick Meesters
Batting: RHB Jason Gee 0-0: Bunt for hit to 2L - play at first, batter safe!
Batting: RHB Adrian Rudkilde 0-0: Ball
1-0: Called Strike
1-1: Foul Ball, location: 2F
1-2: Ball
2-2: Foul Ball, location: 2F
2-2: Ball
3-2: Foul Ball, location: 2F
3-2: Fly out, F9 (Flyball, 89S, EV 80.6 MPH)
Batting: SHB Jason Woods 0-0: Ball
1-0: Swinging Strike
1-1: Foul Ball, location: 2F
1-2: Fly out, F7 (Flyball, 7D, EV 88.8 MPH)
Batting: RHB Adriaan Pieters 0-0: Ball
1-0: SINGLE (Groundball, 6D, EV 101.9 MPH)
Jason Gee to second
Batting: RHB Bobby Muniz 0-0: Ball
1-0: 3-RUN HOME RUN (Line Drive, 9LD, EV 100.6 MPH), Distance : 375 ft
Batting: RHB Yuichi Matsuoka 0-0: Ball
1-0: Swinging Strike
1-1: Ball
2-1: Foul Ball, location: 2F
2-2: Foul Ball, location: 2F
2-2: Fly out, F9 (Flyball, 89S, EV 83.8 MPH)
Bottom of the 3rd over - 3 runs, 3 hits, 0 errors, 0 left on base; Miami 1 - Milwaukee 3
TOP OF THE 4TH
Miami Marlins batting - Pitching for Milwaukee Brewers : RHP Cody Autry
Batting: RHB Micah Christopher 0-0: Called Strike
0-1: Ground out 6-3 (Groundball, 56, EV 97.5 MPH)
Batting: LHB Andre Gorter 0-0: Called Strike
0-1: Ball
1-1: Ball
2-1: Called Strike
2-2: Foul Ball, location: 2F
2-2: Fly out, F9 (Flyball, 9LS, EV 82.5 MPH)
Batting: RHB Jimmy Groseclose 0-0: Swinging Strike
0-1: Foul Ball, location: 2F
0-2: Foul Ball, location: 2F
0-2: Strikes out swinging
Top of the 4th over - 0 runs, 0 hits, 0 errors, 0 left on base; Miami 1 - Milwaukee 3
BOTTOM OF THE 4TH
Milwaukee Brewers batting - Pitching for Miami Marlins : LHP Patrick Meesters
Batting: RHB Daniel Donovan 0-0: Ground out 6-3 (Groundball, 6, EV 85.6 MPH)
Batting: RHB Kisho Ito 0-0: Called Strike
0-1: Ball
1-1: Ball
2-1: Ball
3-1: Base on Balls
Batting: LHB Jeff Taylor 0-0: Ball
1-0: Foul Ball, location: 2F
1-1: Foul Ball, location: 2F
1-2: DOUBLE (Line Drive, 89D, EV 110.0 MPH)
Kisho Ito to third
Runner from 3rd tries for Home, SAFE, throw by RF to home
Batting: RHB Jason Gee 0-0: Ball
1-0: Ball
2-0: Ball
3-0: Base on Balls
Batting: RHB Adrian Rudkilde 0-0: Called Strike
0-1: Ball
1-1: Foul Ball, location: 2F
1-2: Ball
2-2: Ball
3-2: Grounds into double play, 5-4-3 (Groundball, 5, EV 95.0 MPH)
Bottom of the 4th over - 1 run, 1 hit, 0 errors, 1 left on base; Miami 1 - Milwaukee 4
TOP OF THE 5TH
Miami Marlins batting - Pitching for Milwaukee Brewers : RHP Cody Autry
Batting: RHB Steve Barnard 0-0: Ball
1-0: Foul Ball, location: 2F
1-1: Foul Ball, location: 2F
1-2: SINGLE (Line Drive, 8LS, EV 111.3 MPH)
Batting: RHB Mark Barger 0-0: Ball
1-0: Swinging Strike
1-1: Swinging Strike
1-2: Strikes out looking
Batting: RHB Roger Salazar 0-0: Ball
1-0: Ball
2-0: Foul Ball, location: 2F
2-1: Foul Ball, location: 2F
2-2: Ball
3-2: Strikes out swinging
Batting: RHB Seth Tramontano 0-0: Called Strike
0-1: Ball
1-1: Swinging Strike
1-2: Strikes out swinging
Top of the 5th over - 0 runs, 1 hit, 0 errors, 1 left on base; Miami 1 - Milwaukee 4
BOTTOM OF THE 5TH
Milwaukee Brewers batting - Pitching for Miami Marlins : LHP Patrick Meesters
Batting: SHB Jason Woods 0-0: Called Strike
0-1: Ground out 4-3 (Groundball, 4, EV 83.1 MPH)
Batting: RHB Adriaan Pieters 0-0: Ball
1-0: Ball
2-0: Swinging Strike
2-1: SINGLE (Line Drive, 9S, EV 105.6 MPH)
Batting: RHB Bobby Muniz 0-0: SINGLE (Groundball, 4MD, EV 96.3 MPH)
Adriaan Pieters to second
Batting: RHB Yuichi Matsuoka 0-0: Ball
Bobby Muniz is caught stealing 2nd base 2-4
Adriaan Pieters steals 3rd base
1-0: Foul Ball, location: 2F
1-1: Fly out, F8 (Flyball, 8LXD, EV 102.5 MPH)
Bottom of the 5th over - 0 runs, 2 hits, 0 errors, 1 left on base; Miami 1 - Milwaukee 4
TOP OF THE 6TH
Miami Marlins batting - Pitching for Milwaukee Brewers : RHP Cody Autry
Batting: RHB Josh Crenwelge 0-0: Ball
1-0: Foul Ball, location: 2F
1-1: Ground out 4-3 (Groundball, 4M, EV 86.9 MPH)
Batting: RHB Jeff Garofalo 0-0: SINGLE (Groundball, 6MD, EV 101.3 MPH)
Batting: RHB Micah Christopher 0-0: Called Strike
0-1: Called Strike
0-2: Ball
1-2: Ball
2-2: Fly out, F7 (Flyball, 7S, EV 78.8 MPH)
Batting: LHB Andre Gorter 0-0: Ball
Wild Pitch!
Jeff Garofalo to second
1-0: Fly out, F9 (Flyball, 9, EV 85.0 MPH)
Top of the 6th over - 0 runs, 1 hit, 0 errors, 1 left on base; Miami 1 - Milwaukee 4
BOTTOM OF THE 6TH
Milwaukee Brewers batting - Pitching for Miami Marlins : LHP Patrick Meesters
Batting: RHB Daniel Donovan 0-0: Ball
1-0: Foul Ball, location: 2F
1-1: DOUBLE (Line Drive, 7LS, EV 96.3 MPH)
Batting: RHB Kisho Ito 0-0: SINGLE (Line Drive, 7LS, EV 93.1 MPH)
Daniel Donovan to third
Runner from 3rd tries for Home, SAFE, throw by LF to home
Pitching: LHP Jerry Woods
Batting: LHB Jeff Taylor 0-0: Ball
1-0: Ball
Kisho Ito steals 2nd, throwing error, E2
Kisho Ito to third
2-0: Called Strike
2-1: Ball
Wild Pitch!
Kisho Ito scores
3-1: Called Strike
3-2: Base on Balls
Batting: RHB Jason Gee 0-0: Called Strike
0-1: Ball
1-1: 2-RUN HOME RUN (Flyball, 7D, EV 103.8 MPH), Distance : 381 ft
Batting: RHB Adrian Rudkilde 0-0: Called Strike
0-1: Ball
1-1: Swinging Strike
1-2: Ball
2-2: Ball
3-2: Foul Ball, location: 2F
3-2: Strikes out swinging
Pitching: LHP Paul Cantrell
Batting: SHB Jason Woods 0-0: Ball
1-0: Ball
2-0: Fly out, F9 (Flyball, 9LS, EV 87.5 MPH)
Batting: RHB Adriaan Pieters 0-0: Ground out 5-3 (Groundball, 15, EV 86.3 MPH)
Bottom of the 6th over - 4 runs, 3 hits, 1 error, 0 left on base; Miami 1 - Milwaukee 8
TOP OF THE 7TH
Miami Marlins batting - Pitching for Milwaukee Brewers : RHP Cody Autry
Batting: RHB Jimmy Groseclose 0-0: Called Strike
0-1: Swinging Strike
0-2: Ball
1-2: Strikes out swinging
Pinch Hitting: RHB Tommy Hughes 0-0: Foul Ball, location: 2F
0-1: Foul Ball, location: 2F
0-2: Strikes out swinging
Batting: RHB Mark Barger 0-0: Foul Ball, location: 2F
0-1: Ground out 6-3 (Groundball, 6, EV 103.1 MPH)
Top of the 7th over - 0 runs, 0 hits, 0 errors, 0 left on base; Miami 1 - Milwaukee 8
BOTTOM OF THE 7TH
Milwaukee Brewers batting - Pitching for Miami Marlins : LHP Paul Cantrell
Now at 3B: Tommy Hughes
Batting: RHB Bobby Muniz 0-0: Called Strike
0-1: Foul Ball, location: 2F
0-2: Fly out, F9 (Flyball, 89M, EV 96.9 MPH)
Batting: RHB Yuichi Matsuoka 0-0: Foul Ball, location: 2F
0-1: Ball
1-1: Ball
2-1: DOUBLE (Flyball, 9LD, EV 104.4 MPH)
Batting: RHB Daniel Donovan 0-0: Called Strike
0-1: Fly out, F8 (Line Drive, 8LM, EV 92.5 MPH)
Batting: RHB Kisho Ito 0-0: Ball
1-0: Called Strike
1-1: Ball
2-1: Foul Ball, location: 2F
2-2: Strikes out swinging
Bottom of the 7th over - 0 runs, 1 hit, 0 errors, 1 left on base; Miami 1 - Milwaukee 8
TOP OF THE 8TH
Miami Marlins batting - Pitching for Milwaukee Brewers : RHP Cody Autry
Batting: RHB Roger Salazar 0-0: Ball
1-0: Ball
2-0: Ball
3-0: Called Strike
3-1: Swinging Strike
3-2: Base on Balls
Pitching: RHP Malibok Fflunker
Batting: RHB Seth Tramontano 0-0: Called Strike
0-1: Called Strike
0-2: Strikes out swinging
Batting: RHB Josh Crenwelge 0-0: Called Strike
0-1: Swinging Strike
0-2: Ball
1-2: Fly out, F3 (Flyball, 3D, EV 73.8 MPH)
Batting: RHB Jeff Garofalo 0-0: Foul Ball, location: 2F
0-1: Called Strike
0-2: Ball
1-2: Ball
2-2: Ball
3-2: Ground out 6-3 (Groundball, 6, EV 80.6 MPH)
Top of the 8th over - 0 runs, 0 hits, 0 errors, 1 left on base; Miami 1 - Milwaukee 8
BOTTOM OF THE 8TH
Milwaukee Brewers batting - Pitching for Miami Marlins : LHP Paul Cantrell
Batting: LHB Jeff Taylor 0-0: Swinging Strike
0-1: Foul Ball, location: 2F
0-2: Strikes out swinging
Batting: RHB Jason Gee 0-0: Ball
1-0: Ball
2-0: Ball
3-0: Fly out, F7 (Line Drive, 7, EV 90.6 MPH)
Batting: RHB Adrian Rudkilde 0-0: Called Strike
0-1: Called Strike
0-2: Foul Ball, location: 2F
0-2: Foul Ball, location: 2F
0-2: Ground out 1-3 (Groundball, 13S, EV 68.1 MPH)
Bottom of the 8th over - 0 runs, 0 hits, 0 errors, 0 left on base; Miami 1 - Milwaukee 8
TOP OF THE 9TH
Miami Marlins batting - Pitching for Milwaukee Brewers : RHP Malibok Fflunker
Pinch Hitting: RHB Eric Jordan 0-0: Called Strike
0-1: Foul Ball, location: 2F
0-2: Ball
1-2: Foul Ball, location: 2F
1-2: Ball
2-2: Ball
3-2: Ground out 6-3 (Groundball, 6, EV 85.6 MPH)
Batting: LHB Andre Gorter 0-0: Ball
1-0: Ball
2-0: Foul Ball, location: 2F
2-1: Foul Ball, location: 2F
2-2: Ground out U3 (Groundball, 3, EV 101.3 MPH)
Batting: RHB Jimmy Groseclose 0-0: Called Strike
0-1: Foul Ball, location: 2F
0-2: Foul Ball, location: 2F
0-2: Ball
1-2: Strikes out swinging
Top of the 9th over - 0 runs, 0 hits, 0 errors, 0 left on base; Miami 1 - Milwaukee 8
Thursday, March 31st , 2022 - OOTP Baseball 22.12 Build 89